Cogmind - Beta 10.2 @@@ ROGUE MODE // 2022.03.14 @ 06:05:14 Player: woegarden Result: Self-destructed Performance ------------- Evolutions (1) 500 Regions Visited (4) 800 Robots Destroyed (25) 125 Value Destroyed (575) 575 Prototype IDs (3) 60 Alien Tech Used (0) 0 Bonus (-21) -21 TOTAL SCORE: 2039 Bonus ------- Friendly Fire -21 Cogmind --------- Core Integrity 165/400 Matter 15/300 Energy 201/265 System Corruption 0% Temperature Cool (0) Movement Rolling (110) Ox2 Location -9/Mines Parts ------- > --- POWER (1) -------- Improved Ion Engine > --- PROPULSION (2) --- Armored Wheel > --- UTILITY (4) ------ Large Storage Unit Improved Sensor Array Power Shielding > --- WEAPON (2) ------- Improved Assault Rifle Flak Cannon > --- INVENTORY (10) --- Armored Wheel Medium Storage Unit Compact Matter Pod (150) ECM Suite Power Shielding Faulty Advanced Beam Cannon Rocket Launcher Rocket Launcher Rocket Launcher Shock Trap Peak State ------------ > --- POWER ------------ Improved Ion Engine > --- PROPULSION ------- Armored Wheel Improved Flight Unit > --- UTILITY ---------- Large Storage Unit Improved Sensor Array Power Shielding Propulsion Shielding > --- WEAPON ----------- Improved Assault Rifle Flak Cannon > --- INVENTORY -------- Armored Wheel Armored Wheel Compact Matter Pod Targeting Computer ECM Suite Power Shielding Improved Assault Rifle Rocket Launcher Rocket Launcher [Rating: 19] Favorites ----------- Power Ion Engine Engine Ion Engine Propulsion Aluminum Leg Leg Aluminum Leg Wheel Armored Wheel Flight Unit Improved Flight Unit Utility Large Storage Unit Device Improved Terrain Scanner Storage Large Storage Unit Protection Power Shielding Weapon Assault Rifle Energy Gun Improved EM Shotgun Ballistic Gun Assault Rifle Ballistic Cannon Flak Cannon Launcher Grenade Launcher Build | -11 -10 -10 -9 -9 ------- Run | Scr Mat Min Mat Min Slots Evolved 2 | . . . 2 . Power . | . . . . . Propulsion . | . . . . . Utility 2 | . . . 2 . Weapon . | . . . . . Parts Attached 23 | . 2 8 11 2 Power 4 | . . 1 1 2 Engine 4 | . . 1 1 2 Core . | . . . . . Reactor . | . . . . . Propulsion 6 | . . 2 4 . Treads . | . . . . . Leg 2 | . . 2 . . Wheel 3 | . . . 3 . Hover . | . . . . . Flight 1 | . . . 1 . Utility 5 | . 2 1 2 . Device 2 | . 1 1 . . Storage 1 | . 1 . . . Processor . | . . . . . Hackware . | . . . . . Protection 2 | . . . 2 . Artifact . | . . . . . Weapon 8 | . . 4 4 . Energy Gun 1 | . . . 1 . Energy Cannon . | . . . . . Ballistic Gun 3 | . . 1 2 . Ballistic Cannon 1 | . . . 1 . Launcher 3 | . . 3 . . Special Weapon . | . . . . . Impact Weapon . | . . . . . Slashing Weapon . | . . . . . Piercing Weapon . | . . . . . Special Melee Weapon . | . . . . . Unidentified Prototypes 3 | . . . 3 . Parts Lost 10 | . . 5 2 3 Power 3 | . . 1 1 1 Propulsion 3 | . . 2 . 1 Utility 2 | . . 1 . 1 Weapon 2 | . . 1 1 . Highest Loss Streak 4 | . . 4 1 1 Average Slot Usage (%) 94 | . 100 90 97 95 Engine 12 | . 14 14 10 9 Leg 16 | . 28 19 8 . Wheel 5 | . . . 13 22 Device 12 | . 14 13 11 11 Storage 13 | . 14 14 11 11 Protection 6 | . . . 21 19 Energy Gun 1 | . . . 4 . Ballistic Gun 19 | . 28 23 8 11 Ballistic Cannon 1 | . . . 2 11 Launcher 3 | . . 4 5 . Naked Turns . | . . . . . Heaviest Build 35 | 13 26 27 35 35 Greatest Support 24 | 20 20 20 24 24 Greatest Overweight (x) 2 | . 1 2 2 1 Average Overweight (x) 1 | . . 1 1 1 Largest Inventory Capacity 10 | . 10 10 10 10 Average Capacity 9 | . 7 10 10 10 Most Carried 10 | . 8 10 10 10 Average Carried 8 | . 6 9 9 10 Final Capacity 10 | 6 10 10 10 10 Final Carried 10 | 6 8 10 10 10 Class Distribution -------------------- 100% | Mutant Dominant Class ---------------- Mutant | -10/Materials Mutant | -10/Mines Mutant | -9/Materials Mutant | -9/Mines Resources | -11 -10 -10 -9 -9 ----------- Run | Scr Mat Min Mat Min Matter Collected 647 | 180 70 32 207 158 Remotely . | . . . . . Salvage Created 589 | . 9 119 293 168 Parts 39 | . 2 6 22 9 Haulers Intercepted 2 | . . . 2 . Recyclers Shooed . | . . . . . Parts Field Recycled . | . . . . . Retrieved Matter . | . . . . . Parts Self-Destructed . | . . . . . Prevented . | . . . . . Kills | -11 -10 -10 -9 -9 ------- Run | Scr Mat Min Mat Min Combat Hostiles Destroyed 21 | . 3 7 7 4 Guns 6 | . 1 . 4 1 Cannons 3 | . . . . 3 AOE 12 | . 2 7 3 . Classes Destroyed 6 | . 1 2 1 2 Worker 1 | . . . . 1 Builder 1 | . . . . 1 Hauler 2 | . . . 2 . Swarmer 9 | . 3 3 3 . Grunt 7 | . . 2 2 3 Sentry 4 | . . 2 2 . Best Kill Streak 4 | . 3 3 4 3 Combat Bots Only 3 | . 3 3 3 3 Max Kills in Single Turn 3 | . 3 3 2 1 Gunslinging . | . . . . . Exploded 3 | . 2 3 2 . Melee . | . . . . . Uniques/NPCs Destroyed 1 | . . . . 1 8R-AWN (-9/Mines) Combat | -11 -10 -10 -9 -9 -------- Run | Scr Mat Min Mat Min Damage Taken 1846 | . 222 390 465 769 Core 297 | . 15 47 112 123 Absorbed by Shields . | . . . . . Core Remaining (%) 87 | 100 . 75 . . Volleys Fired 68 | . 5 8 22 33 Largest 2 | . 2 2 2 2 Hottest 68 | . 40 63 68 67 Shots Fired 126 | . 10 9 41 66 Gun 74 | . 10 . 31 33 Cannon 39 | . . . 6 33 Launcher 13 | . . 9 4 . Special . | . . . . . Kinetic 101 | . 10 . 25 66 Thermal . | . . . . . Explosive 13 | . . 9 4 . Electromagnetic 12 | . . . 12 . Robot Hit Streak 12 | . 2 9 9 12 Robot Miss Streak 7 | . 7 . 4 3 Penetration Max . | . . . . . Secondary Targets . | . . . . . Shots Hit Robots 99 | . 3 7 31 58 Core Hits 69 | . 3 14 15 37 Critical Hits . | . . . . . Critical Kills . | . . . . . Critical Parts Destroyed . | . . . . . Melee Attacks . | . . . . . Impact . | . . . . . Slashing . | . . . . . Piercing . | . . . . . Sneak Attacks . | . . . . . Combat Hostiles . | . . . . . Follow-up Attacks . | . . . . . Damage Inflicted 2595 | . 392 442 634 1127 Guns 875 | . 38 . 394 443 Cannons 709 | . . . 25 684 Explosions 998 | . 354 429 215 . Melee . | . . . . . Ramming 13 | . . 13 . . Kinetic 1440 | . 38 . 275 1127 Thermal . | . . . . . Explosive 998 | . 354 429 215 . Electromagnetic 144 | . . . 144 . Impact . | . . . . . Slashing . | . . . . . Piercing . | . . . . . Highest Corruption . | . . . . . Average Corruption . | . . . . . Corruption Purged . | . . . . . Overload Shots . | . . . . . Overflow Damage 90 | . 75 15 . . Projectiles . | . . . . . Explosions 90 | . 75 15 . . Melee . | . . . . . Knockbacks 9 | . . . . 9 Impact . | . . . . . Kinetic 9 | . . . . 9 Secondary . | . . . . . Self-Inflicted Damage 225 | . 80 145 . . Shots 7 | . 1 6 . . Rammed 2 | . . 2 . . Targets Rammed 3 | . . 3 . . Kicked 1 | . . 1 . . Crushed . | . . . . . Highest Temperature 95 | . . 4 14 95 Average Temperature 33 | . . 2 8 57 Received Heat Transfer 354 | . . 78 138 138 Siege Activations . | . . . . . Robots Corrupted . | . . . . . Combat Hostiles . | . . . . . Parts Fried 2 | . . . 2 . Impact Corruptions . | . . . . . Robots Melted . | . . . . . Combat Hostiles . | . . . . . Parts Melted . | . . . . . Heat Transferred . | . . . . . Parts Sabotaged . | . . . . . Parts Stolen . | . . . . . Parts Stripped . | . . . . . Power Chain Reactions . | . . . . . Missiles Intercepted . | . . . . . Alert | -11 -10 -10 -9 -9 ------- Run | Scr Mat Min Mat Min Peak Influence 269 | . 100 114 269 174 Initial 104 | . . 39 . 104 Average 72 | . 56 39 127 160 Maximum Alert Level 1 | . . . 1 . Low Security (%) 95 | . 100 100 76 100 Level 1 4 | . . . 23 . Level 2 . | . . . . . Level 3 . | . . . . . Level 4 . | . . . . . Level 5 . | . . . . . High Security . | . . . . . Max Security . | . . . . . Squads Dispatched 1 | . . . 1 . Investigation . | . . . . . Extermination . | . . . . . Reinforcement 1 | . . . 1 . Assault . | . . . . . Garrison . | . . . . . Intercept . | . . . . . Construction Impeded . | . . . . . Haulers Reinforced . | . . . . . Stealth | -11 -10 -10 -9 -9 --------- Run | Scr Mat Min Mat Min Distress Signals 1 | . . . 1 . Communications Jammed . | . . . . . Distress Signals . | . . . . . Times Spotted 33 | . 3 7 17 6 Peak Tracking Total 5 | . 3 4 5 3 Tactical Retreats 4 | . . . 4 . Traps | -11 -10 -10 -9 -9 ------- Run | Scr Mat Min Mat Min Traps Triggered . | . . . . . Indirectly . | . . . . . Trap Hack Attempts . | . . . . . Triggered . | . . . . . Disarmed . | . . . . . Reprogrammed . | . . . . . Reused . | . . . . . Traps Extracted . | . . . . . Installed . | . . . . . Triggered . | . . . . . Machines | -11 -10 -10 -9 -9 ---------- Run | Scr Mat Min Mat Min Machines Disabled 3 | . 2 1 . . Max in Single Turn 2 | . 2 1 . . Machines Sabotaged . | . . . . . Garrisons Compromised . | . . . . . Overloaded Fab Kills . | . . . . . Fab Network Shutdowns . | . . . . . Hacking | -11 -10 -10 -9 -9 --------- Run | Scr Mat Min Mat Min Machines Accessed . | . . . . . Terminals . | . . . . . Fabricators . | . . . . . Repair Stations . | . . . . . Recycling Units . | . . . . . Scanalyzers . | . . . . . Garrison Access . | . . . . . Total Hacks . | . . . . . Successful . | . . . . . Failed . | . . . . . Catastrophic . | . . . . . Database Lockouts . | . . . . . Manual . | . . . . . Terminals . | . . . . . Fabricators . | . . . . . Repair Stations . | . . . . . Recycling Units . | . . . . . Scanalyzers . | . . . . . Garrison Access . | . . . . . Terminal Hacks . | . . . . . Fabricator Hacks . | . . . . . Repair Station Hacks . | . . . . . Recycling Unit Hacks . | . . . . . Scanalyzer . | . . . . . Garrison Access Hacks . | . . . . . Unauthorized Hacks . | . . . . . Terminals . | . . . . . Fabricators . | . . . . . Repair Stations . | . . . . . Recycling Units . | . . . . . Scanalyzers . | . . . . . Garrison Access . | . . . . . Data Cores Recovered . | . . . . . Used . | . . . . . Hacking Detections . | . . . . . Full Trace Events . | . . . . . Feedback Events . | . . . . . Feedback Blocked . | . . . . . Robot Schematics Acquired . | . . . . . Robots Built . | . . . . . Matter . | . . . . . Time . | . . . . . Total Robot Build Rating . | . . . . . Part Schematics Acquired . | . . . . . Parts Built . | . . . . . Matter . | . . . . . Time . | . . . . . Total Part Build Rating . | . . . . . Parts Repaired . | . . . . . Time . | . . . . . Parts Recycled . | . . . . . Recycled Matter . | . . . . . Retrieved Matter . | . . . . . Retrieved Components . | . . . . . Parts Scanalyzed . | . . . . . Part Schematics Acquired . | . . . . . Parts Damaged . | . . . . . Bothacking | -11 -10 -10 -9 -9 ------------ Run | Scr Mat Min Mat Min Used RIF Installer . | . . . . . Robots Hacked . | . . . . . Non-combat . | . . . . . Combat . | . . . . . Robot Hacks Applied . | . . . . . Relay Couplers Released . | . . . . . Robots Rewired . | . . . . . Allies Hacked . | . . . . . Hacks Repelled . | . . . . . Allies | -11 -10 -10 -9 -9 -------- Run | Scr Mat Min Mat Min Total Allies . | . . . . . Largest Group . | . . . . . Highest-Rated Group . | . . . . . Highest-Rated Ally . | . . . . . Total Orders . | . . . . . Ally Attacks . | . . . . . Total Damage . | . . . . . Kills . | . . . . . Allies Corrupted . | . . . . . Allies Melted . | . . . . . Intel | -11 -10 -10 -9 -9 ------- Run | Scr Mat Min Mat Min Robot Analysis Total . | . . . . . Derelict Logs Recovered 4 | . . 3 . 1 Drone Launches . | . . . . . Drone Recoveries . | . . . . . Exploration | -11 -10 -10 -9 -9 ------------- Run | Scr Mat Min Mat Min Turns Passed 1642 | . 267 871 339 165 Spaces Moved 948 | 1 179 498 207 63 Core . | . . . . . Treads . | . . . . . Legs 752 | 1 179 498 74 . Wheels 196 | . . . 133 63 Hover . | . . . . . Flight . | . . . . . Fastest Speed 100 | 120 120 150 100 100 Average Speed 145 | 120 133 166 117 100 Slowest Speed 180 | 120 150 180 150 100 Overloaded Moves . | . . . . . Propulsion Burnouts . | . . . . . Robots Hopped . | . . . . . Cave-ins Triggered . | . . . . . Exploration Rate (%) 32 | 2 39 85 19 15 Regions Visited 4 Branch Regions 2 Pre-discovered Areas 2 | . . 2 . . Known Exits Taken . | . . . . . Unknown Exits Taken 4 | 1 1 1 1 . Scrap Searched 2 | . . 1 . 1 Spaces Dug . | . . . . . Terrain Destroyed 81 | . 20 40 21 . Melee . | . . . . . Projectile . | . . . . . AOE 81 | . 20 40 21 . Terrain Rammed . | . . . . . Walls Destroyed . | . . . . . Machines Disabled . | . . . . . Actions | -11 -10 -10 -9 -9 --------- Run | Scr Mat Min Mat Min Total 1090 | . 199 529 263 99 Wait 1 | . 1 . . . Move 944 | . 178 497 206 63 Hop . | . . . . . Pick Up 28 | . 7 10 11 . Fast Attach 6 | . 1 . 4 1 Attach 8 | . . 5 3 . Detach 1 | . . . 1 . Swap 9 | . 1 3 4 1 Drop 22 | . 6 3 12 1 Fire 68 | . 5 8 22 33 Melee . | . . . . . Ram . | . . . . . Kick 3 | . . 3 . . Crush . | . . . . . Escape Stasis . | . . . . . Rewire . | . . . . . Trap . | . . . . . Miscellaneous . | . . . . . Route ------- -11/Scrapyard -10/Materials (discovered 2 exits: [*Mat] / [*Min]) -10/Mines -9/Materials -9/Mines History --------- Turn | Location | Event 1 | -11/Scrapyard | Discovered new exit (range 0) 1 | -11/Scrapyard | Entered Materials 185 | -10/Materials | Discovered new exit (range 16) 263 | -10/Materials | Discovered new exit (range 3) 268 | -10/Materials | Entered Mines 275 | -10/Mines | Received a Rocket Launcher from a helpful Derelict 317 | -10/Mines | Build established: Mutant 357 | -10/Mines | Learned Materials emergency access door positions 426 | -10/Mines | Learned location of Zion (-7) 719 | -10/Mines | Learned Materials stockpile data 749 | -10/Mines | Found a hidden stash of uninstalled traps 780 | -10/Mines | Learned location of Storage (-8) 1022 | -10/Mines | Lost 4 parts (1p1n1u1w) 1127 | -10/Mines | Discovered new exit (range 7) 1139 | -10/Mines | Entered Materials 1139 | -9/Materials | Evolved 2 slots: Utility x2 1282 | -9/Materials | Discovered new exit (range 9) 1478 | -9/Materials | Entered Mines 1479 | -9/Mines | Assembled infested the area 1489 | -9/Mines | Met a Derelict bent on vengeance 1529 | -9/Mines | Met 8R-AWN 1552 | -9/Mines | Attacked by 8R-AWN 1577 | -9/Mines | Core integrity fell below 50% 1620 | -9/Mines | Destroyed 8R-AWN 1643 | -9/Mines | Self-destructed Last Messages --------------- 01597_ HV Slug penetrates Wall. 01601_ Penetrated by HV Slug. 01601_ Propulsion Shielding destroyed. 01601_ HV Slug penetrates Earth. 01601_ Penetrated by HV Slug. 01608_ R-06 Scavenger collects Welding Torch. 01610_ Penetrated by HV Slug. 01611_ U-05 Engineer destroyed. 01611_ R-06 Scavenger collects Terrain Scanner. 01614_ Penetrated by HV Slug. 01614_ R-06 Scavenger collects Terrain Scan Processor. 01618_ Penetrated by HV Slug. 01620_ 8R-AWN destroyed. 01624_ Acquired 21 matter. 01625_ as-01730 destroyed. 01625_ K-01 Serf knocked back. 01625_ K-01 Serf destroyed. 01630_ Dropped Lgt. Ion Engine. 01643_ R-06 Scavenger destroyed. 01643_ Arm. Wheel destroyed. Map ----- +----------------------------------------------------+ | ???????????????????????????????????????? | | ???????????????????????????????????????? | | ???????????????????????????????????????? | | ???????????????????????????????????????? | | ???????????????????????????????????????? | | ???????????????????????????????????????? | | ???????????????????????????????????????? | | ???????????????????????????????????????? | | ???????????????????????????????????????? | | ???????????????????????????????????????? | | ???????????????????????????????????????? | | ???????????????????????????????????????? | | ???????????????????????????????????????? | | ???????????????????????????????????????? | | ???????????????????????????????????????? | | ???????????????????????????????????????? | | ???????????????????????????????????????? | | ???????????????????????????????????????? | | ?# ????#???????????????????????????????? | | ?# ???? ??????????????????????????????? | | ?? ????? #######????#?????????????????? | | ??# ????? #?## #?????????????????? | | ???# ?????#;## ## #?????????????????? | | ????# ??### # #???????????????? | | ?????# ### !|! # #??????????????? | | ?????# %!@ #??????????????? | | ?????# =% = #??????????????? | | ?????#### # d #?????????????? | | ??????## d #?????????????? | | ??????# %%% ## ## # ???????????? | | ??????# % ##??### ### ??????????? | | ??????# =%k #?????? ### #?????????????? | | ??????## ##??????? ??? ????????????? | | ???????#!]=##?????????#???? ???????????? | | ?????###"[*#???????????????????????????? | | ?????# ! " #????????????????????????? | | ???### ####"###????????????????????????? | | ???# # "#?? #?????????????????????????? | | ???#"# ##??## #????????????????????????? | | ???# % ###???# #???????????????????????? | | ???# #"#????# #??????????????????????? | | ???##% #??????# #?????????????????????? | | ????##" ##??????# #????????????????????? | | ????## % #???????# ????????????????????? | | ???## #????????? ???????????????????? | | ???# ##?????????? ??????????????????? | | ???# ##?????????????????????????????? | | ???# #?????????????????????????????? | | ??## #?????????????????????????????? | | ?## #?????????????????????????????? | +----------------------------------------------------+ Best States ------------- Heat Dissipation 28 Energy Generation 12 Energy Capacity 265 Matter Stores 300 Matter Capacity 300 Sight Range 16 Robot Scan Range 13 Terrain Scan Range 16 Terrain Scan Density 10 Power Shielding 33 Propulsion Shielding 33 Evasion (%) 40 Item Schematics ----------------- None Robot Schematics ------------------ None Fabricated ------------ Nothing Alien Tech Used ----------------- None Achievements -------------- None Challenges ------------ None Game ------ Seed DispersionInsulatedField Manual? 0 Play Time 00:16:47 Cumulative 73.0 hours Start 2022.03.14 @ 05:50:29 End 2022.03.14 @ 06:05:14 Sessions 1 Manual Loads 0 Difficulty Rogue Special Mode None Game No. 101 Rogue 55 Adventurer 45 Explorer 1 Win Type - Total 0 Types 0/0/0/0/0/0/0/0/0 Lore% 25 Gallery% 46 Achievement% 31 Wizard Run 0 Options --------- ASCII 0 Keyboard 0 Movement Mouse Keybinds 0 Fullscreen 2 Font 18/X11Bold Map View 76x50 Tactical HUD 1 Map Filters NONE Filters LOW_CONTRAST(13,24,33)|BRIGHTNESS(90)|SATURATION(87) Steam 1 RUN: 58fa6fc9-2116-4ffb-b49d-ae4928a19207